 Dungeon Crawl Stone Soup version 0.23.0 (webtiles) character file.

Game seed: 12326165109866677795

1576 Blackhawk the Covered (level 8, -12/52 HPs)
             Began as a Gargoyle Fighter on Feb 10, 2019.
             Was a Follower of Kikubaaqudgha.
             Mangled by an orc warrior
             ... wielding a cursed -3 battleaxe
              (15 damage)
             ... on level 6 of the Dungeon.
             The game lasted 00:08:49 (5854 turns).

Blackhawk the Covered (Gargoyle Fighter)            Turns: 5854, Time: 00:08:49

Health: -12/52     AC: 14    Str: 19    XL:     8   Next: 91%
Magic:  8/8        EV:  8    Int: 10    God:    Kikubaaqudgha [*.....]
Gold:   331        SH: 10    Dex:  9    Spells: 7/7 levels left

rFire    . . .     SeeInvis .   H - +1 hand axe (freeze)
rCold    + . .     Gourm    .   c - +0 shield
rNeg     + . .     Faith    .   C - +0 swamp dragon scales
rPois    ∞         Spirit   .   (no helmet)
rElec    +         Reflect  .   (no cloak)
rCorr    .         Harm     .   (no gloves)
MR       .....                  (no boots)
Stlth    ..........             (no amulet)
HPRegen  0.17/turn              w - -2 ring of strength (curse)
MPRegen  0.11/turn              E - ring of protection from cold

@: no status effects
A: negative energy resistance 1, electricity resistance, unbreathing,
petrification resistance, rot immunity, AC +5
a: Receive Corpses, Renounce Religion


You were on level 6 of the Dungeon.
You worshipped Kikubaaqudgha.
Kikubaaqudgha was aware of your devotion.
You were hungry.

You visited 1 branch of the dungeon, and saw 6 of its levels.

You collected 331 gold pieces.

Inventory:

Hand Weapons
 a - a +0 war axe
 k - a +1 vampiric whip
 H - a +1 hand axe of freezing (weapon)
Armour
 b - a +0 scale mail
 c - a +0 shield (worn)
 l - a +0 chain mail
 C - +0 swamp dragon scales (worn)
Jewellery
 w - a cursed -2 ring of strength (left hand)
 E - a ring of protection from cold (right hand)
Wands
 s - a wand of paralysis (12)
Scrolls
 e - 2 scrolls of teleportation {unknown}
 g - a scroll of noise {unknown}
 i - 2 scrolls of random uselessness {unknown}
 m - 3 scrolls of magic mapping {unknown}
 n - 2 scrolls of immolation {unknown}
 p - a scroll of fog {unknown}
 q - 2 scrolls of amnesia {unknown}
 r - 6 scrolls of identify {unknown}
 t - a scroll of blinking {unknown}
 u - 4 scrolls of enchant armour {unknown}
 y - 4 scrolls of remove curse {unknown}
 F - a scroll of enchant weapon {unknown}
Potions
 d - 2 potions of might
 h - a potion of flight {unknown}
 j - a potion of agility {unknown}
 o - 3 potions of curing {unknown}
 v - a potion of heal wounds {unknown}
 x - 3 potions of brilliance {unknown}
 z - a potion of cancellation {unknown}
 A - a potion of lignification {unknown}
 B - 2 potions of haste {unknown}
 D - a potion of resistance {unknown}
 G - 2 potions of degeneration {unknown}
Comestibles
 f - 10 rations


   Skills:
 + Level 6.8 Fighting
 + Level 5.2 Axes
 + Level 6.8 Armour
 + Level 6.7 Shields


You had 7 spell levels left.
You didn't know any spells.
Your spell library contained the following spells:

 Spells                   Type           Power        Failure   Level  Hunger
 Animate Skeleton         Necr           N/A          87%         1    ##.....
 Pain                     Necr           #...         87%         1    ##.....
 Corpse Rot               Necr           N/A          95%         2    ###....
 Regeneration             Chrm/Necr      #.........   99%         3    ####...


Dungeon Overview and Level Annotations

Branches:
Dungeon (6/15)
 Temple: D:4-7

Altars:
Hepliaklqana
Kikubaaqudgha
Okawaru
Ru
Uskayaw
Wu Jian
Zin


Innate Abilities, Weirdness & Mutations

You are resistant to torment.
Your stone body is resilient. (AC +5)
You are immune to poison.
You resist negative energy. (rN+)
You are resistant to electric shocks. (rElec)
You can survive without breathing.
You are immune to petrification.
You are immune to rotting.


Message History

You barely miss the orc wizard.
The orc wizard is severely wounded.
You hit the orc warrior but do no damage.
The orc warrior hits you with a cursed -3 battleaxe!
* * * LOW HITPOINT WARNING * * *
The orc wizard hits you but does no damage.
Your shield and swamp dragon scales prevent you from hitting the orc warrior.
You hit the orc wizard. You freeze the orc wizard.
The orc warrior closely misses you. You block the orc wizard's attack.
You hit the orc warrior. You freeze the orc warrior.
The orc warrior is lightly wounded.
You hit the orc wizard. You freeze the orc wizard.
You kill the orc wizard!
Kikubaaqudgha accepts your kill. You block the orc warrior's attack.
You hit the orc warrior but do no damage.
The orc warrior is lightly wounded.
The orc warrior hits you with a cursed -3 battleaxe!
You die...
Kikubaaqudgha rasps: "You have failed me!
Welcome... oblivion!"

# #.# .## # #.# ####..# ##.
#.# ......## ##..## #.#
.≈.≈.... ......# #.#
≈≈≈≈.≈..P≈...#.. #.#
≈≈≈≈≈≈≈P≈≈.P..#. #.#
≈≈≈≈≈≈≈≈≈≈≈≈≈..)## #.#
≈≈≈≈≈≈≈≈≈≈≈≈.≈≈)@# #.#
.≈≈P≈P≈≈≈≈≈≈≈≈≈o.## #.#
...≈.P≈≈≈≈≈≈≈≈≈≈..#######.#
....≈..≈≈P≈≈≈≈P...........#
........≈.P≈≈≈≈≈≈≈..#.#####
##........≈≈≈≈≈≈P.≈...#
####.......≈≈≈≈≈≈.≈..#
####....≈.≈≈≈≈≈...#
##.....#≈≈≈##..#


You could see an orc warrior.

Vanquished Creatures
  An ice beast (D:5)
  2 sky beasts (D:6)
  An orc warrior (D:6)
  A phantom (D:4)
  2 ogres
  A wyvern skeleton (D:6)
  4 scorpions
  An electric eel (D:6)
  A howler monkey (D:4)
  A crimson imp (D:6)
  A centaur zombie (D:6)
  A hound (D:6)
  2 orc priests
  4 orc wizards
  A bullfrog skeleton (D:4)
  2 iguanas
  3 worker ants (D:5)
  6 adders
  2 shadow imps
  An ooze (D:2)
  2 adder zombies
  An adder skeleton (D:5)
  3 worms (D:2)
  2 dart slugs
  A leopard gecko (D:2)
  21 orcs
  8 giant cockroaches
  4 goblins
  5 hobgoblins
  9 jackals
  4 quokkas
  4 ball pythons
  4 bats
  8 frilled lizards
  9 kobolds
  A leopard gecko skeleton (D:4)
  A leopard gecko zombie (D:6)
  A quokka skeleton (D:6)
  4 rats
  2 plants (D:3)
132 creatures vanquished.

Vanquished Creatures (others)
  An orc wizard (D:4)
1 creature vanquished.

Grand Total: 133 creatures vanquished

Notes
Turn   | Place    | Note
-------+----------+-------------------------------------------
     0 | D:1      | Blackhawk the Gargoyle Fighter began the quest for the Orb.
     0 | D:1      | Reached XP level 1. HP: 14/14 MP: 1/1
   248 | D:1      | Reached XP level 2. HP: 16/19 MP: 2/2
   578 | D:2      | Reached XP level 3. HP: 14/23 MP: 3/3
  1300 | D:3      | Reached XP level 4. HP: 29/29 MP: 4/4
  1655 | D:3      | Reached XP level 5. HP: 26/33 MP: 5/5
  2651 | D:4      | Noticed an ogre
  2660 | D:4      | Killed an ogre
  2660 | D:4      | Reached XP level 6. HP: 8/39 MP: 6/6
  2939 | D:4      | Noticed a phantom
  2966 | D:4      | Killed a phantom
  3070 | D:4      | Reached skill level 5 in Fighting
  3070 | D:4      | Reached skill level 5 in Armour
  3070 | D:4      | Reached skill level 5 in Shields
  3070 | D:4      | Reached XP level 7. HP: 44/44 MP: 7/7
  3436 | D:4      | Found an ancient bone altar of Kikubaaqudgha.
  3471 | D:4      | Became a worshipper of Kikubaaqudgha
  3779 | D:5      | Entered Level 5 of the Dungeon
  3847 | D:5      | Found an iron altar of Okawaru.
  3858 | D:5      | Found a glowing silver altar of Zin.
  4099 | D:5      | Reached XP level 8. HP: 51/51 MP: 8/8
  4111 | D:5      | Found a hide-covered altar of Uskayaw.
  4119 | D:5      | Found an ornate altar of the Wu Jian Council.
  4281 | D:5      | Found a hazy altar of Hepliaklqana.
  4615 | D:6      | Reached * piety under Kikubaaqudgha
  4615 | D:6      | Identified Kikubaaqudgha's Collected Works on Darkness
                  | (Kikubaaqudgha gifted it to you on level 6 of the Dungeon)
  4615 | D:6      | Received a gift from Kikubaaqudgha
  5121 | D:6      | Found a sacrificial altar of Ru.
  5211 | D:6      | Found an iron altar of Okawaru.
  5289 | D:6      | Reached skill level 5 in Axes
  5477 | D:6      | HP: 1/52 [orc priest/divine providence (10)]
  5851 | D:6      | HP: 2/52 [orc warrior/cursed -3 battleaxe (10)]
  5854 | D:6      | Mangled by an orc warrior

Skill      XL: |  1  2  3  4  5  6  7  8 |
---------------+-------------------------+-----
Axes           | 2 3 4 5 |  5.2
Armour         | 4 5 6 |  6.8
Shields        | 4 5 6 |  6.7
Fighting       | 4 5 6 |  6.8

Action                   |  1- 3 |  4- 6 |  7- 9 || total
-------------------------+-------+-------+-------++-------
Melee: War axe           |   121 |   217 |   307 ||   645
       Hand axe          |       |       |    93 ||    93
  Use: Potion            |       |       |     1 ||     1
  Eat: Chunk             |     2 |     6 |     9 ||    17
Armor: Scale mail        |    29 |       |       ||    29
       Chain mail        |    50 |   130 |    19 ||   199
       Swamp dragon scal |       |       |   183 ||   183
Dodge: Dodged            |    31 |    38 |   124 ||   193
Block: Shield            |    72 |   112 |   217 ||   401
